 Dungeon Crawl Stone Soup version 0.19.1 (webtiles) character file.

108 esteth the Skirmisher (level 5, -1/42 HPs)
             Began as a Formicid Abyssal Knight on Dec 19, 2016.
             Was a Follower of Lugonu.
             Killed by divine providence
             ... invoked by an orc priest
              (12 damage)
             ... on level 3 of the Dungeon.
             The game lasted 00:07:06 (2471 turns).

esteth the Skirmisher (Formicid Abyssal Knight)     Turns: 2471, Time: 00:07:06

Health: -1/42      AC:  4    Str: 18    XL:     5   Next: 12%
Magic:  6/6        EV: 12    Int: 11    God:    Lugonu [*.....]
Gold:   99         SH:  0    Dex: 10    Spells: 0 memorised, 4 levels left

rFire  x . .     SeeInvis +     a - +2 spear
rCold  + . .     Gourm    .     b - +1 leather armour
rNeg   . . .     Faith    .     (no shield)
rPois  .         Spirit   .     (helmet unavailable)
rElec  .         Reflect  .     (no cloak)
rCorr  .         Harm     .     (no gloves)
MR     .....                    (no boots)
Stlth  +.........               (no amulet)
                                (no ring)
                                g - ring of ice

@: no status effects
A: permanent stasis, dig shafts and tunnels, four strong arms, antennae 3
a: Dig, Shaft Self, Depart the Abyss, Renounce Religion


You were on level 3 of the Dungeon.
You worshipped Lugonu.
Lugonu was aware of your devotion.
You were not hungry.

You visited 1 branch of the dungeon, and saw 3 of its levels.
You visited the Abyss 1 time.

You collected 99 gold pieces.

Inventory:

Hand Weapons
 a - a +2 spear (weapon)
Armour
 b - a +1 leather armour (worn)
 h - a cursed +0 buckler
 m - a +0 leather armour of cold resistance
Jewellery
 g - a ring of ice (left hand)
Scrolls
 f - 4 scrolls of identify
 q - 2 scrolls of enchant weapon
 r - a scroll of fear
Potions
 d - 2 potions of cure mutation {unknown}
 j - a potion of agility {unknown}
 k - a potion of might
 l - a potion of flight {unknown}
 o - a potion of magic {unknown}
 p - 2 potions of heal wounds {unknown}
 t - a potion of haste {unknown}
Comestibles
 c - 2 bread rations
 i - 2 meat rations
 n - a royal jelly
 s - a chunk of flesh


   Skills:
 + Level 4.0 Fighting
 * Level 3.3 Polearms
 + Level 3.0 Armour
 + Level 2.0 Dodging
 - Level 2.2 Invocations


You had 4 spell levels left.
You didn't know any spells.

Dungeon Overview and Level Annotations

Branches:
Dungeon (3/15)

Altars:


Innate Abilities, Weirdness & Mutations

You are under a permanent stasis effect.
You can dig through walls and to a lower floor.
Your four strong arms can wield two-handed weapons with a shield.
You have a pair of large antennae on your head. (SInv)


Message History

* * * LOW HITPOINT WARNING * * *
You completely miss the orc. The orc closely misses you.
You closely miss the orc. The orc closely misses you.
You barely miss the orc. You hit the orc.
The orc is severely wounded.
The orc barely misses you.
You closely miss the orc.
The orc is severely wounded.
The orc hits you with a flail.
* * * LOW HITPOINT WARNING * * *
You hit the orc.
You kill the orc!
Lugonu accepts your kill.
Your Fighting skill increases to level 4!
You feel better. The orc priest hits you.
* * * LOW HITPOINT WARNING * * *
The orc priest calls down the wrath of Beogh upon you.
Beogh smites you!
You die...

.......
.......############
........o.........#####
..........oo..........#
.........>#...........#
......#####.#####.###.#
#.#.......K...# #.....#
..........#o#####.###.##
......#<#.#oo@.........#
#.## #.#.#.###.########
#.### #.#.#.# #.#
......#.#.### #.#
......#.#. #.#
.......... #.# ......#.#
#.# ........#######.#
#######.........#


You could see 2 orc priests, an orc and a kobold (wandering).

Vanquished Creatures
  Ijyb (D:2)
  2 adders
  2 oozes (D:1)
  A dart slug (D:2)
  A leopard gecko (D:2)
  An orc (D:3)
  4 bats
  4 giant cockroaches
  10 goblins
  4 hobgoblins
  3 jackals (D:2)
  A quokka (D:3)
  5 frilled lizards
  6 kobolds
  3 rats
48 creatures vanquished.

Notes
Turn   | Place    | Note
-------+----------+-------------------------------------------
     0 | Abyss:1  | esteth the Formicid Abyssal Knight began the quest for the Orb.
     0 | Abyss:1  | Reached XP level 1. HP: 18/18 MP: 2/2
    71 | Abyss:1  | Noticed a neqoxec
    73 | D:1      | Escaped the Abyss
    88 | D:1      | Reached skill level 1 in Dodging
   156 | D:1      | Reached XP level 2. HP: 13/24 MP: 3/3
   766 | D:1      | Reached XP level 3. HP: 29/29 MP: 4/4
   834 | D:1      | Reached * piety under Lugonu
  1256 | D:2      | Noticed Ijyb
  1269 | D:2      | Reached XP level 4. HP: 29/37 MP: 5/5
  1287 | D:2      | Killed Ijyb
  2253 | D:3      | Reached XP level 5. HP: 36/42 MP: 6/6
  2470 | D:3      | Reached skill level 4 in Fighting
  2471 | D:3      | Killed from afar by an orc priest

Skill      XL: |  1  2  3  4  5 |
---------------+----------------+-----
Dodging        | 1 2 |  2.0
Polearms       | 3 |  3.3
Armour         | 3 |  3.0
Fighting       | 4 |  4.0
Invocations    | |  2.2

Action                   |  1- 3 |  4- 6 || total
-------------------------+-------+-------++-------
Melee: Spear             |    90 |    77 ||   167
Invok: Depart the Abyss  |     1 |       ||     1
  Use: Scroll            |     6 |     3 ||     9
       Potion            |       |     1 ||     1
  Eat: Chunk             |     1 |     4 ||     5
Armor: Leather armour    |    18 |    19 ||    37
Dodge: Dodged            |    47 |    45 ||    92
